 Dungeon Crawl Stone Soup version 0.21-a0-348-ga060c75 (webtiles) character file.

25 vishdafish the Charmwright (level 2, 0/34 HPs)
             Began as a Demonspawn Skald on Oct 6, 2017.
             Succumbed to an adder's poison
             ... on level 2 of the Dungeon.
             The game lasted 00:01:23 (978 turns).

vishdafish the Charmwright (Demonspawn Skald)        Turns: 978, Time: 00:01:24

Health: 0/34       AC: 21    Str: 11    XL:     2   Next: 86%
Magic:  1/5        EV:  2    Int: 14    God:
Gold:   84         SH:  0    Dex: 12    Spells: 4/5 levels left

rFire    + . .     SeeInvis .   a - +0 spear
rCold    . . .     Gourm    .   (no shield)
rNeg     + + +     Faith    .   (armour currently unavailable)
rPois    +         Spirit   .   (helmet currently unavailable)
rElec    .         Reflect  .   (cloak currently unavailable)
rCorr    .         Harm     .   (gloves currently unavailable)
MR       .....     NoTele   +   (boots currently unavailable)
Stlth    +.........             (no amulet)
HPRegen  0.11/turn              g - ring of protection from fire
MPRegen  0.09/turn              (no ring)

@: lethally poisoned (0 -> -2), tree-form
A: no striking features
a: no special abilities


You were on level 2 of the Dungeon.
You were not hungry.
You were a tree.
You visited 1 branch of the dungeon, and saw 2 of its levels.

You collected 84 gold pieces.

Inventory:

Hand Weapons
 a - a +0 spear (weapon)
Armour
 b - a +0 leather armour (melded)
Jewellery
 g - a ring of protection from fire (left branch)
Scrolls
 f - a scroll of identify {unknown}
Books
 c - a book of Battle

   Spells                             Type                      Level
   a - Infusion                       Charms                       1
   b - Shroud of Golubria             Charms/Translocation         2
   c - Song of Slaying                Charms                       2
   d - Spectral Weapon                Hexes/Charms                 3
   e - Regeneration                   Charms/Necromancy            3
Comestibles
 d - a bread ration


   Skills:
 + Level 2.4 Fighting
 + Level 2.1 Polearms
 - Level 1.0 Armour
 + Level 2.1 Dodging
 - Level 2.0 Spellcasting
 + Level 3.0 Charms


You had 4 spell levels left.
You knew the following spells:

 Your Spells              Type           Power        Failure   Level  Hunger
a - Infusion              Chrm           #...         7%          1    ##.....


Dungeon Overview and Level Annotations

Branches:
Dungeon (2/15)

Altars:


Innate Abilities, Weirdness & Mutations

((You have sharp toenails.))


Message History

Your magical infusion is running out.
The adder barely misses you.
* * * LOW HITPOINT WARNING * * *
You feel sick. The adder barely misses you.
Things that are here:
a hobgoblin corpse; a rat corpse Your surroundings suddenly seem different.
* * * LOW HITPOINT WARNING * * *
You feel sick.
Found a grey potion, a short sword and 15 stones.
Found a stone staircase leading up.
A hobgoblin comes into view.
The hobgoblin shouts!
You see here a grey potion.
e - a grey potion You are no longer magically infusing your attacks.
It was a potion of lignification.
You turn into a tree.
Your +0 leather armour melds into your body.
Your roots penetrate the ground.
You die...

######## ##..(...
# ##.....### ###.
.....)... #....
#.....#
#.....#.....####
...............#
......#..♣..##.
#.............<.#
.##.##.##g.......
# #. #.#####.# #.
#.. . #. #.## #.
#.# ...


You could see a hobgoblin.

Vanquished Creatures
  A dart slug (D:2)
  2 giant cockroaches
  4 goblins (D:1)
  5 hobgoblins
  A quokka (D:2)
  A ball python (D:1)
  2 bats
  A frilled lizard (D:2)
  4 rats
21 creatures vanquished.

Notes
Turn   | Place    | Note
-------+----------+-------------------------------------------
     0 | D:1      | vishdafish the Demonspawn Skald began the quest for the Orb.
     0 | D:1      | Reached XP level 1. HP: 16/16 MP: 3/3
    34 | D:1      | Reached skill level 1 in Armour
   486 | D:1      | Gained mutation: You have sharp toenails. [demonic ancestry]
   486 | D:1      | Reached XP level 2. HP: 19/22 MP: 5/5
   961 | D:2      | Reached skill level 3 in Charms
   974 | D:2      | HP: 1/23 [poisoned by an adder]
   978 | D:2      | Succumbed to an adder's poison

Vault maps used:
D:1:      arrival_zaba_pyramid
D:2:      minmay_goblin_kobold_house, uniq_jessica, uniq_terence

Skill      XL: |  1  2 |
---------------+-------+-----
Armour         | 1 |  1.0
Polearms       | 2 |  2.1
Dodging        | 2 |  2.1
Charms         | 3 |  3.0
Fighting       | |  2.4
Spellcasting   | |  2.0

Action                   || total
-------------------------++-------
Melee: Spear             ||    71
       Kick              ||     4
 Cast: Infusion          ||     5
  Use: Scroll            ||     1
       Potion            ||     1
 Stab: Sleeping          ||     2
Armor: Leather armour    ||    12
Dodge: Dodged            ||    37

Table legend:
 A = Spawn XP
 B = Non-spawn XP
 C = Spawn XP percentage of total XP
 D = Spawn monster count
 E = Non-spawn monster count
 F = Spawn count percentage of total count
 G = Total turns spent on level
                    A         B        C        D         E        F      G
               +---------+---------+-------+---------+---------+-------+---------
         Total |       0 |      37 |   0.0 |       0 |      21 |   0.0 |   978
               +---------+---------+-------+---------+---------+-------+---------
           D:1 |       0 |      21 |   0.0 |       0 |      13 |   0.0 |   833
           D:2 |       0 |      16 |   0.0 |       0 |       8 |   0.0 |   145
               +---------+---------+-------+---------+---------+-------+---------
